 Dungeon Crawl Stone Soup version 0.29-a0-892-g2c4c91d9db (webtiles) character file.

Game seed: 18287079026499885047

53 Aviak the Caller (level 3, -2/28 HPs)
             Began as a Demigod Summoner on July 22, 2022.
             Killed from afar by Ijyb (13 damage)
             ... with a bolt of light
             ... on level 2 of the Dungeon.
             The game lasted 00:03:04 (1934 turns).

Aviak the Caller (Demigod Summoner)                 Turns: 1934, Time: 00:03:04

Health: -2/28      AC:  3    Str:  9    XL:     3   Next: 41%
Magic:  3/9        EV: 12    Int: 21    God:
Gold:   73         SH:  0    Dex: 14    Spells: 3/6 levels left

rFire   . . .      SeeInvis .   h - +2 whip (freeze)
rCold   . . .      Faith    .   (no shield)
rNeg    . . .      Spirit   .   a - +0 robe
rPois   .          Reflect  .   d - +0 helmet
rElec   .          Harm     .   (no cloak)
rCorr   .          Rampage  .   (no gloves)
Will    .....                   (no boots)
Stlth   ++........              (no amulet)
HPRegen 0.09/turn               (no ring)
MPRegen 0.11/turn               (no ring)

@: no status effects
A: high MP 1, forlorn, divine attributes
a: no special abilities


You were on level 2 of the Dungeon.
You visited 1 branch of the dungeon, and saw 2 of its levels.

You collected 73 gold pieces.

Inventory:

Hand Weapons
 e - a +0 dagger
 g - a +0 spear
 h - a +2 whip of freezing (weapon)
Armour
 a - a +0 robe (worn)
 d - a +0 helmet (worn)
Jewellery
 f - a ring of willpower
Scrolls
 c - 4 scrolls of identify {unknown}
 i - 2 scrolls of blinking {unknown}
Potions
 b - a potion of magic
 j - a potion of curing {unknown}


   Skills:
 + Level 1.2 Fighting
 + Level 2.3 Dodging
 - Level 1.7 Stealth
 + Level 2.3 Spellcasting
 + Level 3.9 Summonings


You had 3 spell levels left.
You knew the following spells:

 Your Spells              Type           Power      Damage    Failure   Level
a - Summon Small Mammal   Summ           76%        N/A       2%          1
b - Call Imp              Summ           19%        N/A       4%          2

Your spell library contained the following spells:

 Spells                   Type           Power      Damage    Failure   Level
 Call Canine Familiar     Summ           19%        N/A       9%          3
 Summon Guardian Golem    Hex/Summ       10%        N/A       19%         3
 Summon Lightning Spire   Summ/Air       10%        N/A       54%         4
 Fulminant Prism          Conj/Hex       1%         3d6       82%         4
 Iskenderun's Mystic Bla  Conj/Tloc      2%         2d3       82%         4
 Lee's Rapid Deconstruct  Erth           1%         3d5*      99%         5


Dungeon Overview and Level Annotations

Branches:
Dungeon (2/15) Zot: 10063

Annotations:
D:2 Ijyb


Innate Abilities, Weirdness & Mutations

You have an increased reservoir of magic. (+10% MP)
You shall have no god before yourself.
Your divine heritage dramatically boosts your attributes as you level up.


Message History

You hit the quokka. You freeze the quokka.
The quokka is severely wounded.
The quokka bites you.
You hit the quokka. You freeze the quokka.
You kill the quokka!
The kobold hits you with a +0 whip.
You barely miss the kobold. The kobold hits you with a +0 whip.
You hit the kobold. You freeze the kobold.
You kill the kobold!
The goblin hits you but does no damage. x2
You hit the goblin. You freeze the goblin.
You kill the goblin!
No target in view!
Ijyb the Twisted Goblin comes into view.
She is wielding a +0 club and carrying a wand of light (8).
Ijyb is nearby!
A goblin comes into view. It is wielding a +0 dagger.
The goblin moves out of view.
Things that are here:
a +0 dagger; a quokka corpse
Casting: Call Imp (safe; 4% risk of failure)
Confirm with . or Enter, or press ? or * to list all spells.
A beastly little devil appears in a puff of flame.
Casting: Call Imp (safe; 4% risk of failure)
Confirm with . or Enter, or press ? or * to list all spells.
A beastly little devil appears in a puff of flame.
Your crimson imp disappears in a puff of smoke!
Casting: Call Imp (safe; 4% risk of failure)
Confirm with . or Enter, or press ? or * to list all spells.
A beastly little devil appears in a puff of flame.
Your crimson imp disappears in a puff of smoke!
You hit Ijyb. You freeze Ijyb.
Ijyb is lightly wounded.
Ijyb zaps a wand.
The bolt of light hits you!
You hit Ijyb. You freeze Ijyb.
Ijyb is moderately wounded.
Ijyb barely misses you.
You hit Ijyb. You freeze Ijyb.
Ijyb is heavily wounded.
Ijyb zaps a wand.
The bolt of light hits you!
You die...

#..####.# # #.#
##.#######
#..###........#
#.......#####.####
##.###...........##8.
#..###..)....... #..#
#.#)##.##. #..#
#.@g...#
.......5....#
##...........#
#.####......... #.
#.........
...........
####.####### .#


You could see Ijyb (ally target) and a friendly crimson imp (summoned).

Vanquished Creatures
  A worm (D:2)
  2 ball pythons (D:1)
  3 bats (D:1)
  3 endoplasms
  2 goblins
  4 hobgoblins
  2 kobolds
  A quokka (D:2)
  2 frilled lizards
  2 rats
22 creatures vanquished.

Vanquished Creatures (collateral kills)
  A gnoll (D:1)
  An endoplasm (D:1)
  A giant cockroach (D:1)
  2 goblins (D:1)
  3 hobgoblins
  A kobold (D:1)
  2 ball pythons (D:1)
  A bat (D:1)
12 creatures vanquished.

Vanquished Creatures (others)
  2 withered plants (D:1)
2 creatures vanquished.

Grand Total: 36 creatures vanquished

Notes
Turn   | Place    | Note
-------+----------+-------------------------------------------
     0 | D:1      | Aviak the Demigod Summoner began the quest for the Orb.
     0 | D:1      | Reached XP level 1. HP: 14/14 MP: 5/5
   763 | D:1      | Reached XP level 2. HP: 16/22 MP: 4/7
   777 | D:1      | Learned a level 2 spell: Call Imp
  1392 | D:1      | Reached skill level 1 in Fighting
  1398 | D:1      | Reached XP level 3. HP: 22/28 MP: 0/8
  1926 | D:2      | Noticed Ijyb
  1934 | D:2      | Killed from afar by Ijyb

Illustrated notes

Levels and vault maps discovered:
D:1:      matt_arrival_los_fun, layout_loops_ring,
          ebering_ecumenical_altar_petrified
D:2:      kennysheep_the_goblin_king, layout_loops_ring, dreamdust_wishing_well,
          minmay_goblin_kobold_house

Skill      XL: |  1  2 |
---------------+-------+-----
Dodging        | 2 |  2.3
Spellcasting   | 2 |  2.3
Fighting       | 1 |  1.2
Stealth        | |  1.7
Summonings     | |  3.9

Action                   || total
-------------------------++-------
Melee: Unarmed           ||    45
       Punch             ||     1
       Dagger            ||    26
       Whip              ||    27
       Spear             ||     8
 Cast: Summon Small Mamm ||    13
       Call Imp          ||    14
 Stab: Sleeping          ||     4
Armor: Robe              ||    38
Dodge: Dodged            ||    91

Table legend: (Time is in decaauts)
 A = Elapsed time spent in this place.
 B = Non-inter-level travel time spent in this place.
 C = Inter-level travel time spent in this place.
 D = Time resting spent in this place.
 E = Time spent auto-exploring this place.
 F = Levels seen in this place.
 G = Mean time per level.
                   A        B        C        D        E       F      G
               +--------+--------+--------+--------+--------+-----+--------+
         Total |   1935 |   1909 |     26 |      0 |   1499 |   2 |  967.5 |
       Dungeon |   1935 |   1909 |     26 |      0 |   1499 |   2 |  967.5 |
               +--------+--------+--------+--------+--------+-----+--------+

Top non-repeatable levels by time:
     D:1: 1673 daAuts
     D:2: 262 daAuts
